 Dungeon Crawl Stone Soup version 0.13-a0-2557-g7ea0453 (console) character file.

472 Kellhus the Cudgeler (level 6, 0/46 HPs)
             Began as a Mummy Chaos Knight on July 29, 2013.
             Was a Plaything of Xom.
             Killed from afar by Blork the orc (12 damage)
             ... with a puff of flame
             ... on Level 4 of the Dungeon.
             The game lasted 00:07:41 (3917 turns).

Kellhus the Cudgeler (Mummy Chaos Knight)           Turns: 3917, Time: 00:07:42

HP   0/46        AC  5     Str 22      XL: 6   Next: 14%
MP   6/6         EV 11     Int 11      God: Xom
Gold 171         SH  0     Dex 11      Spells:  0 memorised,  5 levels left

Res.Fire  : x . .   See Invis. : .   a - +0 mace (chaos)
Res.Cold  : + . .   Warding    : .   b - +2 leather armour
Life Prot.: + + +   Conserve   : .   (no shield)
Res.Poison: +       Res.Corr.  : .   (no helmet)
Res.Elec. : .       Clarity    : .   (no cloak)
Sust.Abil.: . .     Spirit.Shd : .   (no gloves)
Res.Mut.  : .       Stasis     : .   (no boots)
Res.Rott. : +       Flight     : .   (no amulet)
Saprovore : . . .                    q - ring of invisibility
                                     l - +5 ring of strength

@: confused, somewhat resistant to hostile enchantments, extremely unstealthy
A: no food or potions, fire vulnerability, restore body, cold resistance 1, life
protection 3, poison resistance, torment resistance, unbreathing
a: Renounce Religion, Evoke Invisibility


You were on level 4 of the Dungeon.
You worshipped Xom.
You were a toy of Xom.
You were not hungry.

You visited 1 branch of the dungeon, and saw 4 of its levels.

You collected 151 gold pieces.

Inventory:

Hand weapons
 a - a +0,+0 mace of chaos (weapon)
 d - a +1,+1 dagger of venom (quivered)
 u - a +2,+1 dwarven crossbow of evasion
Missiles
 k - 16 poisoned needles
 v - 19 bolts
Armour
 b - a +2 leather armour (worn)
Magical devices
 j - a wand of fireball (0)
 n - a wand of frost (0)
 r - a wand of heal wounds (3)
Scrolls
 c - 4 scrolls of identify {unknown}
 e - 3 scrolls of remove curse {unknown}
 f - 4 scrolls of enchant weapon II {unknown}
 g - a scroll of magic mapping {unknown}
 i - a scroll of amnesia {unknown}
 m - a scroll of fog {unknown}
 p - a scroll of teleportation {unknown}
 s - a scroll of blinking {unknown}
Jewellery
 l - a +5 ring of strength (left hand)
 q - a ring of invisibility (right hand)
Magical staves
 h - an uncursed staff of death
 o - an uncursed staff of fire
Miscellaneous
 t - a disc of storms


   Skills:
 - Level 3.0 Fighting
 + Level 5.8 Maces & Flails
 - Level 1.5 Armour
 - Level 0.7 Dodging


You had 5 spell levels left.
You didn't know any spells.

Dungeon Overview and Level Annotations

Branches:
Dungeon (4/27)             Temple (0/1) D:4

Altars:
Elyvilon
Fedhas

Annotations
D:3 Crazy Yiuf
D:4 Blork the orc


Innate Abilities, Weirdness & Mutations

You do not eat or drink.
Your flesh is vulnerable to fire.
Your flesh is cold resistant.
You are immune to negative energy.
Your system is resistant to poisons.
You are immune to unholy pain and torment.
You can survive without breathing.


Message History

The puff of flame hits you! The fire burns you terribly!
Xom roars with laughter!
Blork the orc gestures at you while chanting.
The magic dart hits you!
Ouch! You feel less confused.
Blork the orc screams, "I'm going to kill you!"
Blork the orc gestures at you while chanting.
The puff of flame hits you! The fire burns you terribly!
You hit Blork the orc but do no damage.
Blork the orc is heavily wounded.
Blork the orc barely misses you.
Blork the orc zaps a wand.
You resist.
You closely miss Blork the orc.
Blork the orc is heavily wounded.
Blork the orc zaps a wand.
You are confused.
Blork the orc points at you and mumbles some strange words.
The puff of flame hits you! The fire burns you terribly!
You die...
Xom thinks this is hilarious!

........>.....##.#
..............##.#
.. ...........##.#
..........##.#
.........##.#
........##.# ..
..... #.# .....
#.# ...... #@#
....... . #o#
..(........ #.#
............ #.#
............. #.#
..............##.#
.................#
.................#
##################


You could see Blork the orc.

Vanquished Creatures
  Sigmund (D:3)
  An iguana (D:4)
  A worker ant (D:4)
  An orc priest (D:3)
  9 adders
  A giant mite (D:4)
  A giant eyeball (D:4)
  2 giant geckos
  An ooze (D:2)
  2 orcs (D:3)
  11 bats
  2 giant cockroaches
  12 goblins
  9 hobgoblins
  5 quokkas
  3 giant newts
  7 kobolds
  11 rats
80 creatures vanquished.

Vanquished Creatures (collateral kills)
  A giant gecko (D:2)
  An ooze (D:2)
2 creatures vanquished.

Grand Total: 82 creatures vanquished

Notes
Turn   | Place    | Note
--------------------------------------------------------------
     0 | D:1      | Kellhus, the Mummy Chaos Knight, began the quest for the Orb.
     0 | D:1      | Reached XP level 1. HP: 16/16 MP: 1/1
    73 | D:1      | XOM: cast spell 'Flight'
   275 | D:1      | Reached XP level 2. HP: 19/22 MP: 2/2
   748 | D:1      | XOM: divination: detect creatures
   878 | D:1      | XOM: harmless Summ miscast
  1184 | D:2      | XOM: summons friendly iron imp
  1188 | D:2      | Reached XP level 3. HP: 28/28 MP: 3/3
  1355 | D:2      | Reached skill level 4 in Maces & Flails
  1490 | D:2      | Reached XP level 4. HP: 29/34 MP: 4/4
  1572 | D:2      | XOM: medium Ice miscast
  1735 | D:2      | XOM: harmless Tloc miscast
  1777 | D:2      | XOM: noise
  1928 | D:2      | XOM: harmless Trmt miscast
  2319 | D:2      | Found a white marble altar of Elyvilon.
  2576 | D:3      | XOM: noise
  2746 | D:3      | XOM: 1-stop teleportation journey
  2755 | D:3      | XOM: confuse monster(s)
  2765 | D:3      | Reached XP level 5. HP: 39/39 MP: 5/5
  2921 | D:3      | Noticed Sigmund
  2929 | D:3      | Killed Sigmund
  2929 | D:3      | Reached skill level 5 in Maces & Flails
  3025 | D:3      | XOM: silly message
  3079 | D:3      | XOM: polymorph adder -> hobgoblin
  3120 | D:3      | Noticed Crazy Yiuf
  3335 | D:3      | XOM: god gift: disc of storms
  3473 | D:4      | XOM: colour smoke trail
  3500 | D:4      | Found a blossoming altar of Fedhas.
  3517 | D:4      | Reached XP level 6. HP: 46/46 MP: 6/6
  3570 | D:4      | Found a staircase to the Ecumenical Temple.
  3629 | D:4      | Paralysed by a giant eyeball for 4 turns
  3890 | D:4      | Noticed Blork the orc
  3892 | D:4      | XOM: noise
  3917 | D:4      | Killed from afar by Blork the orc

Action                   |  1- 3 |  4- 6 || total
-------------------------+-------+-------++-------
Melee: Mace              |   138 |   167 ||   305
Evoke: Wand              |       |     9 ||     9
 Stab: Paralysed         |     1 |     1 ||     2
       Confused          |       |     2 ||     2
       Petrifying        |       |     1 ||     1
